 Dungeon Crawl Stone Soup version 0.26-a0-1131-g5f66e2dd50 (webtiles) character file.

Game seed: 9963503023962779415

41 Baz the Insei (level 3, -3/23 HPs)
             Began as an Octopode Transmuter on Dec 19, 2020.
             Slain by an iguana (11 damage)
             ... on level 2 of the Dungeon.
             The game lasted 00:02:13 (1065 turns).

Baz the Insei (Octopode Transmuter)                 Turns: 1065, Time: 00:02:14

Health: -3/23      AC:  1    Str:  9    XL:     3   Next: 52%
Magic:  6/6        EV: 13    Int: 16    God:
Gold:   23         SH:  0    Dex: 12    Spells: 5/6 levels left

rFire    . . .     SeeInvis .     - Unarmed
rCold    . . .     Faith    .   (no shield)
rNeg     . . .     Spirit   .   (helmet currently unavailable)
rPois    .         Reflect  .   (no amulet)
rElec    .         Harm     .   (no ring)
rCorr    .         Rampage  .   (no ring)
Will     .....                  (no ring)
Stlth    +++.......             (no ring)
HPRegen  0.07/turn              (no ring)
MPRegen  0.10/turn              (no ring)
                                (no ring)
                                (no ring)

@: brilliant, lethally poisoned (-3 -> -4), appendages
A: almost no armour, stealthy swim, amphibious, 8 rings, constrict 8, tentacle
spike 3, camouflage 1, gelatinous body 1
a: End Transformation


You were on level 2 of the Dungeon.
One of your tentacles had a temporary spike.
You visited 1 branch of the dungeon, and saw 2 of its levels.

You collected 23 gold pieces.

Inventory:

Jewellery
 d - an uncursed amulet of magic regeneration {unknown}
 e - an uncursed ring of wizardry {unknown}
Scrolls
 c - a scroll of noise


   Skills:
 + Level 1.6 Fighting
 - Level 2.0 Dodging
 * Level 2.6 Stealth
 + Level 3.3 Unarmed Combat
 - Level 2.0 Spellcasting
 + Level 2.4 Transmutations


You had 5 spell levels left.
You knew the following spells:

 Your Spells              Type           Power        Failure   Level
a - Beastly Appendage     Tmut           28%          8%          1

Your spell library contained the following spells:

 Spells                   Type           Power        Failure   Level
 Wereblood                Tmut           14%          12%         2
 Spider Form              Tmut/Pois      4%           36%         3
 Ice Form                 Ice/Tmut       8%           77%         4
 Blade Hands              Tmut           7%           91%         5


Dungeon Overview and Level Annotations

Branches:
Dungeon (2/15)

Altars:


Innate Abilities, Weirdness & Mutations

You cannot wear most types of armour.
You are very stealthy in the water. (Stealth+)
You are amphibious.
You can wear up to eight rings at the same time.
You can use your tentacles to constrict eight enemies at once.
Your skin changes colour to match your surroundings (Stealth+).
Your rubbery body absorbs attacks. (AC +1, EV +1)
One of your tentacles bears a large vicious spike.


Message History

You constrict the adder.
You feel sick. The adder misses you.
You barely miss the adder.
You pierce the adder.
The adder is almost dead.
You constrict the adder.
You kill the adder!
You completely miss the iguana. You grab the iguana. You constrict the iguana.
The iguana closely misses you.
You tentacle-slap the iguana.
The iguana is lightly wounded.
You constrict the iguana, but do no damage.
The iguana barely misses you.
You tentacle-slap the iguana but do no damage.
You pierce the iguana, but do no damage.
The iguana is lightly wounded.
You constrict the iguana, but do no damage.
You feel sick. The iguana completely misses you.
You tentacle-slap the iguana.
You pierce the iguana.
The iguana is heavily wounded.
You constrict the iguana. The iguana bites you!
You die...

...# ..# ..# #
... .#.#... #.#
#.#..... #.#
#....... ... #l#
#.#.....####..
#@###.#.#
#....#.#
#.......#
#....#..
#.......#
#.......
#.......#
#.......
#.......#
#.......
#.......#
#.......
######'##
#....###
##+#'####....# #
# ####
##............###


You could see an iguana.

Vanquished Creatures
  An adder (D:2)
  An ooze (D:1)
  A giant cockroach (D:2)
  5 goblins
  2 hobgoblins (D:1)
  7 jackals (D:1)
  A bat (D:1)
  2 frilled lizards (D:1)
  2 kobolds (D:1)
  3 rats (D:1)
25 creatures vanquished.

Notes
Turn   | Place    | Note
-------+----------+-------------------------------------------
     0 | D:1      | Baz the Octopode Transmuter began the quest for the Orb.
     0 | D:1      | Reached XP level 1. HP: 13/13 MP: 3/3
   172 | D:1      | Reached skill level 1 in Stealth
   174 | D:1      | Reached XP level 2. HP: 16/18 MP: 3/5
   633 | D:1      | Reached XP level 3. HP: 19/23 MP: 6/6
  1065 | D:2      | Slain by an iguana

Illustrated notes

Levels and vault maps discovered:
D:1:      dpeg_arrival_signposts, layout_basic
D:2:      layout_basic, minmay_hedge_maze, minmay_puff

Skill      XL: |  1  2 |
---------------+-------+-----
Stealth        | 1 2 |  2.6
Fighting       | |  1.6
Dodging        | |  2.0
Unarmed Combat | |  3.3
Spellcasting   | |  2.0
Transmutations | |  2.4

Action                   || total
-------------------------++-------
Melee: Unarmed           ||    57
       Constrict         ||    17
       Tentacles         ||     8
       Kick              ||     7
 Cast: Beastly Appendage ||     3
  Use: Scroll            ||     1
       Potion            ||     1
 Stab: Sleeping          ||     6
Armor: Skin              ||     2
Dodge: Dodged            ||    31

Table legend: (Time is in decaauts)
 A = Elapsed time spent in this place.
 B = Non-inter-level travel time spent in this place.
 C = Inter-level travel time spent in this place.
 D = Time resting spent in this place.
 E = Time spent auto-exploring this place.
 F = Levels seen in this place.
 G = Mean time per level.
                   A        B        C        D        E       F      G
               +--------+--------+--------+--------+--------+-----+--------+
         Total |   1061 |   1046 |     15 |    381 |    470 |   2 |  530.5 |
       Dungeon |   1061 |   1046 |     15 |    381 |    470 |   2 |  530.5 |
               +--------+--------+--------+--------+--------+-----+--------+

Top non-repeatable levels by time:
     D:1: 983 daAuts
     D:2: 78 daAuts
